 Dungeon Crawl Stone Soup version 0.30-a0-1116-gebefce21f7 (webtiles) character file.

Game seed: 2239433158410463905

3807 xian the Twirler (level 9, 0/71 HPs)
             Began as a Demonspawn Monk on Apr 22, 2023.
             Was a Priest of Ru.
             Slain by a gnoll sergeant
             ... wielding a +0 glaive
              (10 damage)
             ... in a bailey.
             The game lasted 00:24:08 (7723 turns).

xian the Twirler (Demonspawn Monk)                  Turns: 7723, Time: 00:24:09

Health: 0/71       AC: 29    Str: 16    XL:     9   Next: 96%
Magic:  9/9        EV:  9    Int: 18    God:    Ru [***...]
Gold:   454        SH:  0    Dex: 15    Spells: 8/8 levels left

rFire   x . .      SeeInvis .    D - +7 staff of the Meek {protect, meekguard}
rCold   + . .      Faith    .    (shield currently unavailable)
rNeg    . . .      Spirit   .    E - +0 chain mail
rPois   .          Reflect  .    (helmet restricted)
rElec   .          Rampage  .    C - +0 cloak
rCorr   .                        B - +0 pair of gloves
Will    .....                    (no boots) Stlth
                                 (no amulet)
HPRegen 0.31/turn                i - +6 ring of intelligence
MPRegen 0.11/turn                x - ring of ice

@: weakened, under a protective aura, hasted, unable to read, very quick
A: horns 1, icy blue scales 2, inability to read after injury 2, inability to
use devices
a: Renounce Religion, Draw Out Power


You were in a bailey.
You worshipped Ru.
Ru was most pleased with you.
You visited 1 branch of the dungeon, and saw 10 of its levels.
You also visited: Bailey.

You collected 454 gold pieces.

Inventory:

Hand Weapons
 h - a +3 short sword of draining
 D - the +7 staff of the Meek (weapon) {protect, meekguard}
   (You found it on level 4 of the Dungeon)
Missiles
 p - 6 poisoned darts
 v - 5 atropa-tipped darts
 w - 4 javelins (quivered)
 y - 7 boomerangs
Armour
 d - an orb of light
 B - a +0 pair of gloves (worn)
 C - a +0 cloak (worn)
 E - a +0 chain mail (worn)
Magical Staves
 q - a staff of cold
Jewellery
 i - a +6 ring of intelligence (left hand)
 x - a ring of ice (right hand)
Wands
 o - a wand of polymorph (6)
 z - a wand of light (21)
Scrolls
 a - 4 scrolls of blinking
 b - 2 scrolls of enchant armour
 g - 2 scrolls of poison
 k - a scroll of brand weapon
 m - 3 scrolls of enchant weapon
 n - 2 scrolls of vulnerability
 t - a scroll of amnesia
 u - 4 scrolls of teleportation
 A - a scroll of immolation
 F - 4 scrolls of fog
 I - a scroll of butterflies
Potions
 l - a potion of brilliance
 r - a potion of attraction
 K - a potion of degeneration {unknown}


   Skills:
 + Level 6.4 Fighting
 + Level 4.5 Short Blades
 + Level 3.2 Axes
 + Level 6.9 Staves
 + Level 0.8 Throwing
 + Level 6.0 Armour
 + Level 4.8 Dodging
 + Level 3.1 Stealth
 + Level 1.2 Unarmed Combat


You had 8 spell levels left.
You didn't know any spells.
Your spell library contained the following spells:

 Spells                   Type           Power      Damage    Failure   Level
 Blink                    Tloc           0%         N/A       97%         2
 Sublimation of Blood     Necr           0%         N/A       97%         2
 Wereblood                Tmut           0%         N/A       97%         2
 Ignite Poison            Fire/Tmut/Pois 0%         N/A       100%        3
 Ozocubu's Armour         Ice            0%         N/A       100%        3
 Manifold Assault         Tloc           0%         N/A       100%        4
 Sticky Flame             Conj/Fire      0%         2d3       100%        4
 Metabolic Englaciation   Hex/Ice        0%         N/A       100%        5
 Simulacrum               Ice/Necr       0%         N/A       100%        6
 Storm Form               Tmut/Air       0%         N/A       100%        7
 Summon Hydra             Summ           0%         N/A       100%        7
 Ignition                 Fire           0%         3d3       100%        8


Dungeon Overview and Level Annotations

Branches:
Dungeon (10/15)            Temple (0/1) D:7          Bailey (1/1)
   Lair: D:8-11         Orc: D:9-12

Altars:
Hepliaklqana
Qazlal
Ru
Sif Muna
Yredelemnul

Shops:
D:7 !


Innate Abilities, Weirdness & Mutations

You have a pair of small horns on your head.
You are mostly covered in icy blue scales. (AC +3)
You sometimes lose the ability to read scrolls when taking damage.
You cannot study or use magical devices.


Message History

The gnoll sergeant hits you but does no damage.
You cannot move.
You cannot move.
Unknown command.
You completely miss the wolf.
The gnoll is no longer moving slowly.
The gnoll bouda hits you but does no damage.
The gnoll bouda barks out a call to the hunt!
The gnoll sergeant picks up the pace!
The wolf bites you but does no damage.
The gnoll sergeant hits you but does no damage.
The gnoll hits you but does no damage. The gnoll sergeant barely misses you.
The gnoll sergeant hits you but does no damage.
You sock the wolf!
The wolf is heavily wounded.
You feel less wooden.
Your +0 cloak unmelds from your body.
Your +0 pair of gloves unmelds from your body.
Your +0 chain mail unmelds from your body.
The wolf is stunned by your conviction and fails to attack.
The gnoll bouda hits you from afar with a +0 halberd!
* * * LOW HITPOINT WARNING * * *
The gnoll sergeant barely misses you. The wolf barely misses you.
You hit the wolf but do no damage.
The wolf is heavily wounded.
The gnoll is no longer moving quickly.
The gnoll hits you but does no damage.
The gnoll sergeant completely misses you.
The gnoll sergeant hits you but does no damage.
The wolf closely misses you.
The gnoll bouda barks out a call to the hunt!
The gnoll picks up the pace!
The gnoll sergeant barely misses you.
You cannot read scrolls in your current state!
You feel yourself speed up. The wolf barely misses you.
The gnoll sergeant hits you but does no damage.
The gnoll completely misses you. The gnoll sergeant barely misses you.
The wolf bites you.
* * * LOW HITPOINT WARNING * * *
You focus your inner power and illuminate the wolf in retribution!
The gnoll sergeant hits you from afar with a +0 glaive!
You die...

♣≈ #.. ♣≈. #.. ♣≈.
##### #.. ♣≈.. ##...##
#..
♣≈..##+###.....######..
♣≈......#.......#...'..
♣≈...)..'...8...'...'..
♣≈.....)#.......#...'..
♣≈..##@###.....######..
♣≈..#.†hg##...## #..
♣≈. #ggggg##### #.. ♣≈.
#.ggg... #.. ♣≈
##........ #.. ♣≈
##.8..... #.. #######
..≈


You could see 4 gnoll sergeants, a wolf (corona), 3 gnoll boudas and 2 gnolls.

Vanquished Creatures
  Joseph (D:7)
  Maggie (D:7)
  Grinder (D:5)
  A hornet (D:9)
  Sigmund (D:3)
  A wyvern (D:8)
  An ice beast (D:6)
  A sky beast (D:7)
  2 wolves (Bailey)
  3 phantoms
  3 gnoll sergeants
  A bullfrog (D:7)
  Blork the orc (D:4)
  2 scorpions (D:6)
  5 wights (D:6)
  3 killer bees (D:6)
  An electric eel (D:7)
  A howler monkey (D:5)
  3 hounds
  A jelly (D:6)
  Crazy Yiuf (D:4)
  An orc priest (D:4)
  2 gnoll boudas
  2 iguanas
  3 sleepcaps
  2 orc wizards
  Natasha (thrice) (D:2)
  4 hell rats (D:8)
  Terence (D:3)
  Robin (D:2)
  12 adders
  17 gnolls
  A shadow imp (D:5)
  A white imp (D:6)
  An ufetubus (D:5)
  2 worms
  4 dart slugs
  18 orcs
  5 endoplasms
  2 giant cockroaches
  13 goblins
  11 hobgoblins
  10 jackals
  2 quokkas
  6 ball pythons
  9 bats
  5 frilled lizards
  5 kobolds
  3 rats
181 creatures vanquished.

Vanquished Creatures (others)
  An orc wizard (D:5)
  A goblin (D:8)
  9 plants (D:3)
  3 withered plants (D:5)
14 creatures vanquished.

Grand Total: 195 creatures vanquished

Notes
Turn   | Place    | Note
-------+----------+-------------------------------------------
     0 | D:1      | xian the Demonspawn Monk began the quest for the Orb.
     0 | D:1      | Reached XP level 1. HP: 18/18 MP: 1/1
   209 | D:1      | Gained mutation: You are partially covered in icy blue
                  | scales. (AC +2) [demonic ancestry]
   209 | D:1      | Reached XP level 2. HP: 12/21 MP: 2/2
   841 | D:2      | Reached XP level 3. HP: 21/29 MP: 3/3
   849 | D:2      | Noticed Robin
   859 | D:2      | Killed Robin
  1024 | D:2      | Reached XP level 4. HP: 37/37 MP: 4/4
  1033 | D:2      | Reached skill level 1 in Short Blades
  1454 | D:2      | Noticed Natasha
  1460 | D:2      | Killed Natasha
  1490 | D:2      | Noticed Natasha
  1498 | D:2      | Killed Natasha
  1499 | D:2      | Gained mutation: You have a pair of small horns on your
                  | head. [demonic ancestry]
  1499 | D:2      | Reached XP level 5. HP: 39/42 MP: 5/5
  1617 | D:2      | Noticed Natasha
  1627 | D:2      | Killed Natasha
  1798 | D:3      | Noticed Sigmund
  2159 | D:3      | Killed Sigmund
  2160 | D:3      | Reached skill level 1 in Armour
  2160 | D:3      | Reached XP level 6. HP: 40/49 MP: 6/6
  2444 | D:3      | Found a faded altar of an unknown god.
  2452 | D:3      | Prayed at the altar of an unknown god.
  2452 | D:3      | Became a worshipper of Ru the Awakened
  2474 | D:3      | Gained mutation: You occasionally lose the ability to read
                  | scrolls when taking damage. [Ru sacrifice]
  2474 | D:3      | Gained mutation: You sometimes lose the ability to read
                  | scrolls when taking damage. [Ru sacrifice]
  2474 | D:3      | Reached * piety under Ru
  2697 | D:3      | Noticed Terence
  2735 | D:3      | Killed Terence
  2954 | D:4      | Noticed Blork the orc
  2966 | D:4      | Killed Blork the orc
  3075 | D:4      | Found a stormy altar of Qazlal.
  3114 | D:4      | Found a runed translucent door.
  3115 | D:4      | Noticed Crazy Yiuf
  3122 | D:4      | Killed Crazy Yiuf
  3123 | D:4      | Reached XP level 7. HP: 36/55 MP: 7/7
  3370 | D:4      | Found the +7 staff of the Meek {protect, meekguard}
  3632 | D:5      | Entered Level 5 of the Dungeon
  3879 | D:5      | Reached skill level 5 in Fighting
  3901 | D:5      | Reached skill level 1 in Staves
  4126 | D:5      | Reached XP level 8. HP: 62/62 MP: 8/8
  4251 | D:5      | Noticed Grinder
  4281 | D:5      | Killed Grinder
  4282 | D:5      | Reached skill level 1 in Stealth
  4362 | D:5      | Found a basalt altar of Yredelemnul.
  4925 | D:6      | Gained mutation: You cannot study or use magical devices.
                  | [Ru sacrifice]
  4925 | D:6      | Reached ** piety under Ru
  4925 | D:6      | Reached *** piety under Ru
  4952 | D:6      | Reached skill level 1 in Unarmed Combat
  5314 | D:6      | Found a hazy altar of Hepliaklqana.
  5770 | D:6      | Gained mutation: You are mostly covered in icy blue scales.
                  | (AC +3) [demonic ancestry]
  5770 | D:6      | Reached XP level 9. HP: 16/69 MP: 9/9
  6089 | D:7      | Found a staircase to the Ecumenical Temple.
  6101 | D:7      | Found Zecixum's Distillery.
  6124 | D:7      | Reached skill level 5 in Staves
  6149 | D:7      | Noticed Joseph
  6163 | D:7      | Killed Joseph
  6230 | D:7      | Noticed Maggie
  6243 | D:7      | Killed Maggie
  6244 | D:7      | Reached skill level 5 in Armour
  6705 | D:8      | Noticed a death yak
  6705 | D:8      | Noticed a death yak
  6706 | D:8      | Found a flagged portal.
  6710 | D:8      | Noticed a death yak
  6899 | D:10     | Entered Level 10 of the Dungeon
  7078 | D:8      | Found a shimmering blue altar of Sif Muna.
  7135 | Bailey   | Entered a bailey
  7723 | Bailey   | Slain by a gnoll sergeant

Illustrated notes

Levels and vault maps discovered:
D:1:      amcnicky_arrival_choice, layout_basic
D:2:      layout_loops_ring, minmay_ruptured, uniq_natasha, uniq_robin
D:3:      layout_rooms, nicolae_elyvilon_temple_path,
          dreamdust_ecumenical_altar_hidden_monk_grotto, minmay_quadrilaterals,
          uniq_terence, uniq_sigmund
D:4:      layout_rooms, mainiacjoe_overflow_tiny_flanked, minmay_misc_feat_room,
          pf_guarded_unrand_meek, uniq_blork_the_orc, uniq_crazy_yiuf_cottage
D:5:      layout_basic, yredelemnul_altar_generic, kennysheep_generic_room_9,
          uniq_grinder
D:6:      layout_basic, zin_scriptorium, nicolae_overflow_hidden_temple,
          minivault_5
D:7:      layout_rooms, minmay_temple_entry_junction, serial_shops,
          nicolae_shop_industrial_runoff, water_maze_lemuel, uniq_joseph,
          uniq_maggie
D:8:      layout_rooms, amcnicky_altar_gilded, mainiacjoe_overflow_24_doors,
          dpeg_lair_monsters, enter_bailey_5, serial_corexii_hall,
          chequers_hall_statues_corner_a, chequers_hall_statues_y,
          chequers_hall_statues_wall_a, corexii_hall_statues_u,
          corexii_hall_statues_l, chequers_hall_statues_y
D:9:      layout_irregular_city, minitemple
D:10:     layout_basic, mainiacjoe_overflow_paths, serial_shops, shop,
          enter_trove_2, kennysheep_generic_room_13, uniq_erolcha
Bailey:   bailey_polearm_gnolls_kennysheep, bailey

Skill      XL: |  1  2  3  4  5  6  7  8  9 |
---------------+----------------------------+-----
Axes           | 3 |  3.2
Dodging        | 3 4 |  4.8
Fighting       | 4 5 6 |  6.4
Short Blades   | 2 3 4 |  4.5
Armour         | 1 2 3 4 6 |  6.0
Staves         | 2 4 6 |  6.9
Stealth        | 2 3 |  3.1
Unarmed Combat | 1 |  1.2
Throwing       | |  0.8

Action                     |  1- 3 |  4- 6 |  7- 9 || total
---------------------------+-------+-------+-------++-------
  Melee: Hand axe          |    20 |       |       ||    20
         Short sword       |    65 |   171 |    15 ||   251
         Headbutt          |       |    27 |    58 ||    85
         Quarterstaff      |       |       |   303 ||   303
         Unarmed           |       |       |    15 ||    15
  Throw: Dart              |       |     5 |       ||     5
         Javelin           |       |       |     4 ||     4
 Invoke: Sacrifice Words   |       |     1 |       ||     1
         Sacrifice Artific |       |       |     1 ||     1
    Use: Potion            |       |       |    11 ||    11
         Scroll            |       |       |    12 ||    12
   Stab: Confused          |       |       |     3 ||     3
         Invisible         |       |       |     2 ||     2
         Paralysed         |       |       |     1 ||     1
 Armour: Robe              |    36 |     2 |       ||    38
         Leather armour    |       |    44 |       ||    44
         Ring mail         |       |     4 |    33 ||    37
         Chain mail        |       |       |   234 ||   234
         Skin              |       |       |    49 ||    49
  Dodge: Dodged            |    65 |   114 |   270 ||   449

Table legend: (Time is in decaauts)
 A = Elapsed time spent in this place.
 B = Non-inter-level travel time spent in this place.
 C = Inter-level travel time spent in this place.
 D = Time resting spent in this place.
 E = Time spent auto-exploring this place.
 F = Levels seen in this place.
 G = Mean time per level.
                   A        B        C        D        E       F      G
               +--------+--------+--------+--------+--------+-----+--------+
         Total |   7692 |   7528 |    164 |   1031 |   4426 |  11 |  699.3 |
       Dungeon |   7105 |   6941 |    164 |    633 |   4424 |  10 |  710.5 |
        Bailey |    587 |    587 |      0 |    398 |      2 |   1 |  587.0 |
               +--------+--------+--------+--------+--------+-----+--------+

Top non-repeatable levels by time:
     D:6: 1401 daAuts
     D:2: 1367 daAuts
     D:5: 917 daAuts
     D:3: 779 daAuts
     D:1: 767 daAuts
     D:7: 701 daAuts
     D:4: 683 daAuts
  Bailey: 587 daAuts
     D:8: 267 daAuts
     D:9: 211 daAuts
    D:10: 7 daAuts
